 Dungeon Crawl Stone Soup version 0.20.1-1-g8b1a95d (webtiles) character file.

409 Fingolfin the Chopper (level 7, 0/52 HPs)
             Began as a Formicid Monk on Aug 24, 2017.
             Slain by an ogre
             ... wielding a +0 giant spiked club
              (16 damage)
             ... on level 4 of the Dungeon.
             The game lasted 00:07:04 (4240 turns).

Fingolfin the Chopper (Formicid Monk)               Turns: 4240, Time: 00:07:05

Health: 0/52       AC:  9    Str: 18    XL:     7   Next: 13%
Magic:  7/7        EV:  8    Int:  9    God:
Gold:   193        SH:  0    Dex: 13    Spells: 6/6 levels left

rFire    . . .     SeeInvis +   t - +1 hand axe (freeze)
rCold    . . .     Gourm    .   (no shield)
rNeg     . . .     Faith    .   q - +0 chain mail
rPois    .         Spirit   .   (helmet unavailable)
rElec    .         Reflect  .   (no cloak)
rCorr    .         Harm     .   m - +0 pair of gloves
MR       .....                  (no boots)
Stlth    ..........             (no amulet)
Regen    0.2/turn               (no ring)
MPRegen  0.1/turn               (no ring)

@: no status effects
A: permanent stasis, dig shafts and tunnels, four strong arms, antennae 3
a: Dig, Shaft Self


You were on level 4 of the Dungeon.
You were not hungry.

You visited 1 branch of the dungeon, and saw 4 of its levels.

You collected 193 gold pieces.

Inventory:

Hand Weapons
 t - a +1 hand axe of freezing (weapon)
Armour
 m - a +0 pair of gloves (worn)
 q - a +0 chain mail (worn)
Scrolls
 e - 2 scrolls of remove curse
 g - a scroll of magic mapping {unknown}
 h - a scroll of identify {unknown}
 i - a scroll of enchant armour {unknown}
 o - a scroll of enchant weapon {unknown}
 p - a scroll of random uselessness {unknown}
 r - a scroll of amnesia {unknown}
 s - a scroll of recharging {unknown}
Potions
 b - a potion of haste {unknown}
 d - 2 potions of curing {unknown}
 k - a potion of lignification {unknown}
 l - a potion of cancellation {unknown}
 n - 2 potions of flight {unknown}
Comestibles
 c - 3 bread rations
 f - 3 meat rations
 j - 2 chunks of flesh


   Skills:
 - Level 3.2 Fighting
 + Level 7.5 Axes
 - Level 2.6 Dodging
 - Level 2.4 Stealth


You had 6 spell levels left.
You didn't know any spells.

Dungeon Overview and Level Annotations

Branches:
Dungeon (4/15)
 Temple: D:4-7

Altars:
Gozag
Nemelex Xobeh
Zin
The Shining One


Innate Abilities, Weirdness & Mutations

You cannot be hasted, slowed, berserked, paralysed or teleported.
You can dig through walls and to a lower floor.
Your four strong arms can wield two-handed weapons with a shield.
You have a pair of large antennae on your head. (SInv)


Message History

The ogre hits you with a giant spiked club!!
You are too injured to fight recklessly!
Your chain mail prevents you from hitting the ogre.
The ogre hits you but does no damage.
Your chain mail prevents you from hitting the ogre.
You hit the ogre. You freeze the ogre.
The ogre is lightly wounded.
You feel sick.
You are no longer poisoned.
The ogre hits you with a giant spiked club!
* * * LOW HITPOINT WARNING * * *
You slash the ogre! You freeze the ogre.
The ogre is heavily wounded.
The ogre misses you.
You hit the ogre but do no damage.
The ogre is heavily wounded.
You completely miss the ogre.
The ogre is heavily wounded.
The ogre hits you with a giant spiked club!
You die...

.. ### #. #.# #. ..#
#. ..# ###.##### ..###
###.......######
..#.###...........†.>#
#.._.##........O@..#.#
..#.###............#.#
..###
#............#.## ..#
#..........####..# ..#
#...##+##### #..# #.#
#### #..# ### ###..##
###.....#######
...............#


You could see an ogre.

Vanquished Creatures
  The ghost of dscm the Digger, an amateur GrEE of Vehumet (D:3)
  Blork the orc (D:4)
  An iguana (D:4)
  6 gnolls
  6 adders
  An ooze (D:2)
  A dart slug (D:1)
  4 leopard geckos
  8 orcs
  A ball python (D:2)
  8 bats
  4 giant cockroaches
  6 goblins
  11 hobgoblins
  9 jackals
  2 kobolds (D:3)
  A quokka (D:2)
  4 frilled lizards
  5 rats
80 creatures vanquished.

Notes
Turn   | Place    | Note
-------+----------+-------------------------------------------
     0 | D:1      | Fingolfin the Formicid Monk began the quest for the Orb.
     0 | D:1      | Reached XP level 1. HP: 18/18 MP: 1/1
    98 | D:1      | Reached XP level 2. HP: 10/24 MP: 2/2
   749 | D:1      | Reached skill level 4 in Axes
   749 | D:1      | Reached XP level 3. HP: 21/29 MP: 3/3
  1019 | D:2      | Reached XP level 4. HP: 4/35 MP: 4/4
  1607 | D:2      | Reached skill level 5 in Axes
  1858 | D:2      | Reached XP level 5. HP: 34/41 MP: 5/5
  2290 | D:3      | Noticed dscm's ghost (amateur GrEE)
  2313 | D:3      | HP: 1/41 [dscm's ghost (2)]
  2315 | D:3      | Killed dscm's ghost
  2315 | D:3      | Reached skill level 6 in Axes
  2315 | D:3      | Reached XP level 6. HP: 1/47 MP: 6/6
  2630 | D:3      | Found an opulent altar of Gozag.
  2734 | D:3      | Found a sparkling altar of Nemelex Xobeh.
  2751 | D:3      | Found a glowing silver altar of Zin.
  3815 | D:4      | Found a glowing golden altar of the Shining One.
  3876 | D:4      | Reached skill level 7 in Axes
  4006 | D:4      | Noticed Blork the orc
  4022 | D:4      | Killed Blork the orc
  4022 | D:4      | Reached XP level 7. HP: 25/52 MP: 7/7
  4240 | D:4      | Slain by an ogre

Skill      XL: |  1  2  3  4  5  6 |
---------------+-------------------+-----
Axes           | 4 5 6 7 |  7.5
Fighting       | |  3.2
Dodging        | |  2.6
Stealth        | |  2.4

Action                   |  1- 3 |  4- 6 |  7- 9 || total
-------------------------+-------+-------+-------++-------
Melee: Hand axe          |   124 |   267 |    13 ||   404
 Abil: Dig               |     1 |     7 |       ||     8
  Use: Scroll            |       |     2 |       ||     2
 Stab: Distracted        |     1 |       |       ||     1
       Sleeping          |     1 |     1 |       ||     2
  Eat: Chunk             |       |    11 |     1 ||    12
Armor: Robe              |    14 |       |       ||    14
       Ring mail         |    12 |    62 |       ||    74
       Chain mail        |       |    26 |     4 ||    30
Dodge: Dodged            |    90 |   141 |     2 ||   233
